 Dungeon Crawl Stone Soup version 0.19-a0-607-g42021f0 (webtiles) character file.

97903 Leszczynek the Bludgeoner (level 16, -3/258 HPs)
             Began as an Ogre Artificer on June 12, 2016.
             Was the Champion of Makhleb.
             Slain by a fire giant
             ... wielding a +1 great sword of flaming
             ... summoned by a boggart
              (12 damage)
             ... on level 1 of the Depths.
             The game lasted 01:51:03 (33475 turns).

Leszczynek the Bludgeoner (Ogre Artificer)         Turns: 33475, Time: 01:51:04

Health: -3/258     AC: 10    Str: 27    XL:     16   Next: 20%
Magic:  0/28       EV: 17    Int: 10    God:    Makhleb [******]
Gold:   992        SH:  0    Dex: 16    Spells: 1 memorised, 17 levels left

rFire  + + .     SeeInvis +     a - +1 giant spiked club (freeze)
rCold  + . .     Gourm    .     l - +2 robe {rC+ rF+}
rNeg   . . .     Faith    .     (shield currently unavailable)
rPois  +         Spirit   +     G - +0 mask of the Dragon {MR+ Slay+3 SInv}
rElec  .         Dismiss  .     z - +2 cloak (curse)
rCorr  .         Reflect  .     (gloves unavailable)
SustAt .         Harm     .     (boots unavailable)
MR     ++...                    E - amulet of guardian spirit
Stlth  ..........               P - +2 ring of evasion
                                C - +2 ring of protection

@: berserking, very quick, very resistant to hostile enchantments, extremely
unstealthy
A: unfitting armour, agile 1, fire resistance 1, high mp 1, mutation resistance
1, sense surroundings 1, poison resistance, tough skin 1
a: Minor Destruction, Lesser Servant of Makhleb, Major Destruction, Greater
Servant of Makhleb, Renounce Religion


You were on level 1 of the Depths.
You worshipped Makhleb.
Makhleb was exalted by your worship.
You were not hungry.

You visited 4 branches of the dungeon, and saw 24 of its levels.
You also visited: Volcano.

You collected 2228 gold pieces.
You spent 1236 gold pieces at shops.

Inventory:

Hand Weapons
 a - a +1 giant spiked club of freezing (weapon)
 s - a +0 blowgun
 x - a +4 morningstar
 J - a +0 morningstar of electrocution
Missiles
 g - 4 steel tomahawks
 v - 55 tomahawks
 w - 6 javelins
 A - 8 curare-tipped needles
 N - 23 large rocks (quivered)
 Q - 2 poisoned tomahawks
Armour
 l - a +2 robe of resistance (worn)
 z - a cursed +2 cloak (worn)
 G - the +0 mask of the Dragon (worn) {MR+ Slay+3 SInv}
   (You bought it in a shop on level 2 of the Orcish Mines)

   It affects your accuracy and damage with ranged weapons and melee attacks
   (+3).
   It affects your resistance to hostile enchantments.
   It lets you see invisible.
Jewellery
 b - an uncursed ring of sustain attributes
 C - a +2 ring of protection (left hand)
 D - an uncursed ring of ice
 E - an amulet of guardian spirit (around neck)
 P - a +2 ring of evasion (right hand)
 U - an uncursed ring of protection from magic
Wands
 d - a wand of enslavement (15/24)
 h - a wand of paralysis (22/24)
 i - a wand of acid (6/15)
 y - a wand of disintegration (13/24)
 M - a wand of confusion (29/48)
 Z - a wand of digging (14/24)
Scrolls
 c - 8 scrolls of remove curse
 k - 2 scrolls of enchant armour
 p - 5 scrolls of teleportation
 q - 2 scrolls of magic mapping
 r - 4 scrolls of fog
 t - 2 scrolls of enchant weapon
 I - 2 scrolls of identify
 L - 2 scrolls of fear
 O - 3 scrolls of recharging
Potions
 e - a potion of flight
 j - 3 potions of resistance
 n - 8 potions of curing
 o - 4 potions of berserk rage
 F - 2 potions of ambrosia
 H - a potion of cure mutation
 K - 2 potions of agility
 T - 6 potions of might
 V - a potion of haste
Miscellaneous
 R - a phial of floods
 S - a box of beasts
 X - a fan of gales
 Y - a phantom mirror
Comestibles
 f - 11 bread rations
 m - 8 meat rations
 u - 13 royal jellies
 B - 32 fruits


   Skills:
 + Level 14.0 Fighting
   Level 0.5 Short Blades
 - Level 18.4 Maces & Flails
 - Level 12.6 Throwing
 - Level 8.6 Dodging
 - Level 2.0 Stealth
 - Level 2.6 Spellcasting
 - Level 1.8 Charms
 - Level 1.6 Ice Magic
 - Level 13.0 Invocations
 * Level 7.1 Evocations


You had 17 spell levels left.
You knew the following spells:

 Your Spells              Type           Power        Failure   Level  Hunger
a - Ozocubu's Armour      Chrm/Ice       #.......     52%         3    ####...


Dungeon Overview and Level Annotations

Branches:
Dungeon (15/15)            Temple (0/1) D:7            Lair (6/6) D:9
 Shoals (0/4) Lair:2       Spider (0/4) Lair:2          Orc (2/2) D:9
    Elf (0/3) Orc:2        Vaults (0/5) D:13         Depths (1/5) D:15
  Slime: Lair:5-6

Altars:
Elyvilon
Hepliaklqana
Makhleb
Okawaru
Qazlal
Sif Muna
Trog
Vehumet
Xom
Yredelemnul
The Shining One
Beogh

Shops:
D:5 %   D:6 (   D:9 ?   D:11 *   Orc:2 (*[=

Portals:
Hell: Lair:6

Annotations:
D:5 Pikel
D:6 Grinder
Lair:1 pk666's ghost, novice MiBe
Lair:3 Maud
Lair:6 slime in northwest corner, exclusions: 2 death yaks and oklob plant


Innate Abilities, Weirdness & Mutations

You are too large for most types of armour.
You have tough skin. (AC +1)
You are agile. (Dex +2)
Your flesh is heat resistant. (rF+)
You have an increased reservoir of magic. (+10% MP)
You are somewhat resistant to further mutation.
You passively map a small area around you.
Your system is resistant to poisons. (rPois)


Message History

You crush the fire giant like a grape!!!
You freeze the fire giant!
The fire giant is almost dead.
The ogre closely misses you. The tengu warrior misses you.
The tengu warrior closely misses you.
The tengu warrior claws you but does no damage.
The fire giant hits you but does no damage.
The tengu conjurer mumbles some strange words.
You hit the fire giant. You freeze the fire giant.
The fire giant is almost dead.
The boggart gestures wildly while chanting.
The tengu warrior hits you with a dire flail!
* * * LOW HITPOINT WARNING * * *
The tengu warrior misses you. The tengu warrior barely misses you.
Unknown command.
You barely miss the fire giant.
The fire giant is almost dead.
The ogre completely misses you.
The fire giant hits you with a great sword of flaming!
You die...

* *
#<.##.....#..###,, ,
#...####..#....##,
*,,*
#....u.#.##†....# * *
#.u..u.#.#......##
#..u...#'#.......# *
*
***#'##uap#.........#
, ,
,...#ggQ'.........#,
,*
....#QC##†..[.....#
,,
,.uu..+.@#....#######
, , #....##O###.###,
* , * , *
......+.O..'.'.. ,, ,
#.#..#+#....#.#.. ,
###......#+#.[
#........+ .g , , ,
#.........#### ...,
.#.##.....# , * ##.
..# #.....+ , *


You could see 3 very ugly things, a fire giant, 2 ugly things, a tengu warrior,
an ogre mage, a wizard, a soldier ant, a tengu conjurer, an ogre and 2 boggarts.

Vanquished Creatures
  An orc warlord (Orc:1)
  A caustic shrike zombie (D:15)
  A stone giant (Depths:1)
  2 very ugly things (Depths:1)
  Fannar (Lair:1)
  A vault guard (D:13)
  6 hydras
  An ogre mage (D:15)
  4 centaur warriors
  A vampire mage (D:15)
  3 tengu warriors
  Urug (Orc:2)
  An orc high priest (Orc:1)
  A sun demon (Lair:6)
  2 skeletal warriors (D:15)
  A golden dragon zombie (D:15)
  A wizard (Lair:6)
  6 orc knights
  A wolf spider zombie (D:15)
  A wolf spider (D:15)
  2 griffons
  A necromancer (D:15)
  7 ugly things
  3 deep elf magi
  An orb spider (Lair:2)
  6 orc sorcerers
  6 hill giants
  A manticore (D:14)
  4 cyclopes
  A salamander (shapeshifter) (D:15)
  4 elephants
  Maurice (D:8)
  2 black mambas
  A siren (Lair:2)
  3 molten gargoyles
  10 spiny frogs
  2 centaur skeletons
  2 orange demons (Lair:6)
  A yaktaur zombie (D:15)
  4 gargoyles
  4 rime drakes
  An efreet (D:15)
  A yaktaur (D:15)
  6 komodo dragons
  A yaktaur (shapeshifter) (Depths:1)
  4 ice devils (Lair:6)
  2 tengu conjurers
  A red devil (Lair:6)
  6 trolls
  A hellwing (Lair:6)
  A queen bee (Lair:4)
  A polar bear (D:8)
  3 two-headed ogres
  2 boulder beetles (Lair:6)
  7 slime creatures
  15 blink frogs
  4 wyverns
  A vampire (D:15)
  2 shadows
  A tarantella (shapeshifter) (D:14)
  4 wraiths (D:10)
  An ice dragon skeleton (D:15)
  55 yaks
  3 hungry ghosts
  16 hippogriffs
  A human (shapeshifter) (Depths:1)
  2 basilisks
  3 vampire mosquitoes (D:14)
  2 mottled dragons
  3 wargs (Orc:1)
  13 water moccasins
  A hell hound (Lair:6)
  13 porcupines
  Duvessa (D:6)
  A swamp drake (D:9)
  51 orc warriors
  4 sky beasts
  2 slaves (D:5)
  3 ice beasts
  2 black bears
  2 eyes of draining
  2 necrophages
  2 wolves (D:8)
  24 ogres
  2 boggarts (Depths:1)
  10 centaurs
  6 big kobolds
  12 crocodiles
  19 giant frogs
  A wyvern zombie (D:13)
  A gnoll sergeant (D:9)
  Dowan (D:6)
  A wyvern skeleton (D:13)
  3 scorpions
  34 killer bees
  10 wights
  A howler monkey (D:7)
  6 crimson imps
  15 hounds
  4 quasits
  3 centaur zombies
  A giant frog zombie (D:5)
  4 jellies
  29 orc priests
  24 orc wizards
  4 giant frog skeletons
  2 gnoll shamans (D:9)
  12 iguanas
  11 worker ants
  A killer bee zombie (D:7)
  22 sheep
  2 giant frog simulacra (D:8)
  A hound skeleton (D:9)
  A worker ant zombie (D:11)
  A howler monkey zombie (D:7)
  A killer bee simulacrum (D:8)
  15 gnolls
  17 adders
  54 river rats
  A hound simulacrum (D:8)
  3 shadow imps
  3 white imps (D:8)
  A worker ant simulacrum (D:8)
  An ufetubus (D:8)
  2 oozes
  An adder zombie (D:9)
  An adder skeleton (D:4)
  3 worms
  7 giant geckos
  96 orcs
  4 giant cockroaches
  7 goblins
  7 hobgoblins
  22 jackals
  30 kobolds
  6 quokkas
  A ball python (D:3)
  8 bats
  A giant gecko skeleton (D:8)
  8 giant newts
  2 jackal simulacra (D:8)
  11 rats
931 creatures vanquished.

Vanquished Creatures (collateral kills)
  An orc warlord (Orc:2)
  The ghost of Emanloe the Tortoise, a journeyman MiBe of Trog (Lair:4)
  Josephine (D:10)
  A hydra (Lair:6)
  An orc high priest (Orc:2)
  The ghost of tstbtto the Spear-Bearer, a novice CeGl (D:7)
  A cyclops (D:10)
  A sixfirhy (Lair:6)
  2 elephants (Lair:6)
  Psyche (D:8)
  2 black mambas (Lair:6)
  2 molten gargoyles (D:10)
  An ice devil (Lair:6)
  A komodo dragon (Lair:6)
  A polar bear (D:8)
  A wraith (D:10)
  A yak (D:8)
  A warg (Orc:1)
  An ice beast (D:10)
  A porcupine (Lair:4)
  An orc warrior (Orc:1)
  A phantom (D:10)
  An ogre (D:15)
  A giant frog (D:10)
  2 lava snakes (D:10)
  An orc priest (Orc:2)
  A giant frog skeleton (D:10)
  3 orc wizards
  2 worker ants
  2 sheep (D:10)
  A gnoll (D:8)
  An adder (D:10)
  An ufetubus (D:8)
  An adder simulacrum (D:8)
  12 orcs
  A kobold (D:11)
55 creatures vanquished.

Vanquished Creatures (others)
  An orc wizard (D:15)
  A bush (Lair:6)
  7 fungi
  6 plants
  A withered plant (D:15)
16 creatures vanquished.

Grand Total: 1002 creatures vanquished

Notes
Turn   | Place    | Note
--------------------------------------------------------------
     0 | D:1      | Leszczynek the Ogre Artificer began the quest for the Orb.
     0 | D:1      | Reached XP level 1. HP: 19/19 MP: 2/2
    18 | D:1      | Reached skill level 1 in Stealth
    57 | D:1      | HP: 2/20 [rat (2)]
   414 | D:1      | Reached XP level 2. HP: 25/28 MP: 3/3
   493 | D:1      | Reached skill level 1 in Maces & Flails
   758 | D:1      | Reached XP level 3. HP: 27/35 MP: 4/4
   924 | D:1      | Reached skill level 2 in Maces & Flails
  1633 | D:2      | Reached XP level 4. HP: 38/44 MP: 5/5
  1647 | D:2      | Reached skill level 3 in Maces & Flails
  1808 | D:2      | Found a burning altar of Makhleb.
  2707 | D:2      | Reached skill level 4 in Maces & Flails
  2707 | D:2      | Reached XP level 5. HP: 53/53 MP: 6/6
  2809 | D:2      | Became a worshipper of Makhleb the Destroyer
  3535 | D:3      | Found a shimmering altar of Xom.
  3824 | D:3      | Gained mutation: You evolve. [potion of mutation]
  3824 | D:3      | Gained mutation: You have an increased reservoir of magic. (+10% MP) [potion of mutation]
  3825 | D:3      | Gained mutation: You are agile. (Dex +2) [potion of mutation]
  3825 | D:3      | Gained mutation: You have a pair of small horns on your head. [potion of mutation]
  3825 | D:3      | Gained mutation: You passively map a small area around you. [potion of mutation]
  3862 | D:4      | Found a white marble altar of Elyvilon.
  3958 | D:4      | Reached XP level 6. HP: 43/63 MP: 8/8
  3971 | D:4      | Reached * piety under Makhleb
  3971 | D:4      | Reached skill level 5 in Fighting
  3971 | D:4      | Reached skill level 5 in Maces & Flails
  4653 | D:4      | Reached skill level 6 in Maces & Flails
  4919 | D:5      | Entered Level 5 of the Dungeon
  4939 | D:5      | Reached XP level 7. HP: 56/72 MP: 9/9
  5035 | D:5      | Reached skill level 7 in Maces & Flails
  5087 | D:5      | Found Hempeuh's Food Boutique.
  5089 | D:5      | Noticed Pikel
  5391 | D:5      | Reached skill level 8 in Maces & Flails
  6275 | D:6      | Noticed Duvessa
  6275 | D:6      | Noticed Dowan
  6404 | D:6      | Reached skill level 9 in Maces & Flails
  6657 | D:6      | Reached ** piety under Makhleb
  6657 | D:6      | Reached XP level 8. HP: 66/81 MP: 10/10
  6719 | D:6      | Noticed Grinder
  6744 | D:6      | Reached skill level 10 in Maces & Flails
  7239 | D:6      | Killed Duvessa
  7239 | D:6      | Reached skill level 11 in Maces & Flails
  7249 | D:6      | Killed Dowan
  7554 | D:6      | Reached skill level 12 in Maces & Flails
  7624 | D:6      | Found Geosmit's Antique Weapon Emporium.
  7650 | D:6      | Reached skill level 1 in Throwing
  7656 | D:6      | Reached XP level 9. HP: 69/88 MP: 11/11
  7865 | D:6      | Gained mutation: Your system is resistant to poisons. (rPois) [evolution]
  7932 | D:6      | Found a hazy altar of Hepliaklqana.
  7936 | D:6      | Found an iron altar of Okawaru.
  7936 | D:6      | Found a basalt altar of Yredelemnul.
  8031 | D:7      | Reached skill level 13 in Maces & Flails
  8076 | D:7      | Found a staircase to the Ecumenical Temple.
  8139 | D:7      | Reached *** piety under Makhleb
  8163 | D:7      | Reached skill level 14 in Maces & Flails
  8398 | D:7      | Reached XP level 10. HP: 97/97 MP: 12/12
  8428 | D:7      | Reached skill level 1 in Invocations
  8814 | D:7      | Reached skill level 5 in Throwing
  8944 | D:7      | Noticed tstbtto's ghost (novice CeGl)
  8952 | D:7      | Killed tstbtto's ghost
  9727 | D:8      | Reached skill level 5 in Invocations
  9804 | D:8      | Noticed Psyche
  9834 | D:8      | Killed Psyche
  9855 | D:8      | Reached **** piety under Makhleb
 10162 | D:8      | Gained mutation: Your flesh is heat resistant. (rF+) [mutagenic meat]
 10214 | D:8      | Noticed a hill giant
 10588 | D:8      | Lost mutation: You have a pair of small horns on your head. [evolution]
 10642 | D:8      | Found a glowing golden altar of the Shining One.
 10722 | D:8      | Killed a hill giant
 10722 | D:8      | Reached XP level 11. HP: 106/106 MP: 18/18
 10764 | D:8      | Noticed Maurice
 10806 | D:8      | Killed Maurice
 11049 | D:8      | Found a stormy altar of Qazlal.
 11455 | D:9      | Reached ***** piety under Makhleb
 11468 | D:9      | Found Sysma's Magic Scroll Shoppe.
 11478 | D:9      | Bought a scroll of teleportation for 30 gold pieces
 11478 | D:9      | Bought a scroll of teleportation for 30 gold pieces
 11478 | D:9      | Bought a scroll of identify for 20 gold pieces
 11478 | D:9      | Bought a scroll of identify for 20 gold pieces
 11686 | D:9      | Found a radiant altar of Vehumet.
 11693 | D:9      | Found a deep blue altar of Sif Muna.
 11945 | D:9      | Found a staircase to the Lair.
 12060 | D:8      | Reached skill level 5 in Dodging
 12446 | D:9      | Noticed a cyclops
 12459 | D:9      | Killed a cyclops
 12720 | D:9      | Found a staircase to the Orcish Mines.
 12878 | D:10     | Entered Level 10 of the Dungeon
 12919 | D:10     | Noticed a hill giant
 12942 | D:10     | Killed a hill giant
 13269 | D:10     | Reached skill level 15 in Maces & Flails
 13445 | D:10     | Noticed Josephine
 13468 | D:10     | Reached XP level 12. HP: 121/121 MP: 18/20
 13952 | D:10     | Killed Josephine
 14276 | D:11     | Found Liycs's Assorted Antiques.
 14279 | D:11     | Bought a scroll labeled AMISTE EPERE for 26 gold pieces
 14279 | D:11     | Bought a scroll of identify for 52 gold pieces
 14279 | D:11     | Bought a white potion for 23 gold pieces
 14279 | D:11     | Bought 2 white potions for 46 gold pieces
 14280 | D:11     | Bought a notched coral ring for 130 gold pieces
 14510 | D:11     | Reached ****** piety under Makhleb
 14788 | D:11     | Reached skill level 10 in Fighting
 15179 | Lair:1   | Entered Level 1 of the Lair of Beasts
 15179 | Lair:1   | Noticed Fannar
 15195 | Lair:1   | Killed Fannar
 15195 | Lair:1   | Reached skill level 16 in Maces & Flails
 15401 | Lair:1   | Noticed pk666's ghost (novice MiBe)
 15692 | Lair:1   | Reached skill level 10 in Invocations
 16063 | Lair:1   | Reached XP level 13. HP: 129/129 MP: 19/22
 16424 | Lair:2   | Found a hole to the Spider Nest.
 16606 | Lair:2   | Reached skill level 17 in Maces & Flails
 16611 | Lair:2   | Found a staircase to the Shoals.
 17341 | Lair:3   | Found a stormy altar of Qazlal.
 17826 | Lair:3   | Noticed Maud
 18309 | Lair:4   | Noticed Emanloe's ghost (journeyman MiBe)
 18459 | Lair:4   | Found a dark tunnel.
 18465 | Volcano  | Entered a volcano
 19421 | Lair:4   | Reached skill level 18 in Maces & Flails
 19987 | Lair:4   | Killed Emanloe's ghost
 20374 | Lair:5   | Learned a level 3 spell: Ozocubu's Armour
 20830 | Lair:5   | Reached XP level 14. HP: 140/140 MP: 22/25
 20870 | Lair:6   | Entered Level 6 of the Lair of Beasts
 20883 | Lair:5   | Reached skill level 10 in Throwing
 21342 | Lair:5   | Lost mutation: You evolve. [evolution]
 22789 | Lair:6   | Found a burning altar of Makhleb.
 23952 | Lair:6   | Found a gateway to Hell.
 24168 | Orc:1    | Entered Level 1 of the Orcish Mines
 24195 | Orc:1    | Noticed an orc warlord
 24678 | Orc:1    | Noticed an orc warlord
 24686 | Orc:1    | second warlord
 24686 | Orc:1    | in orc:1
 24686 | Orc:1    | very nice
 24736 | Orc:2    | Entered Level 2 of the Orcish Mines
 24825 | Orc:2    | Noticed an orc warlord
 24847 | Orc:1    | Found a bloodstained altar of Trog.
 24930 | Orc:1    | You fall through a shaft!
 24930 | Orc:2    | Found Gefawiem's Antique Weapon Emporium.
 24930 | Orc:2    | Found a roughly hewn altar of Beogh.
 24931 | Orc:2    | >>>>
 25117 | Orc:1    | Reached skill level 1 in Spellcasting
 25131 | Orc:1    | Reached skill level 1 in Charms
 25165 | Orc:1    | Killed an orc warlord
 25165 | Orc:1    | Reached skill level 1 in Ice Magic
 26403 | Orc:2    | Noticed Urug
 26407 | Orc:2    | Killed an orc warlord
 26410 | Orc:2    | Killed Urug
 26420 | Orc:2    | Reached XP level 15. HP: 57/157 MP: 13/27
 27169 | Orc:2    | Found Sytiw's Jewellery Emporium.
 27331 | Orc:2    | Found Bemmycw's Antique Armour Emporium.
 27405 | Orc:2    | Found Atsaqunn's General Store.
 27470 | Orc:2    | Bought a scroll of teleportation for 51 gold pieces
 27489 | Orc:2    | Bought the +0 mask of the Dragon {MR+ Slay+3 SInv} for 668 gold pieces
 27512 | Orc:2    | Bought a +2 ring of evasion for 140 gold pieces
 27855 | Orc:2    | Found a staircase to the Elven Halls.
 29249 | D:13     | Found a gate to the Vaults.
 30013 | D:13     | Gained mutation: You are somewhat resistant to further mutation. [potion of mutation]
 31435 | D:15     | Entered Level 15 of the Dungeon
 31604 | D:15     | Reached skill level 5 in Evocations
 32147 | D:15     | Found a staircase to the Depths.
 32677 | D:15     | Reached XP level 16. HP: 162/170 MP: 22/28
 33162 | Depths:1 | Entered Level 1 of the Depths
 33190 | Depths:1 | basically, i'm looking for a dragon
 33190 | Depths:1 | any will do
 33431 | Depths:1 | why did i ever think it was a good idea
 33468 | Depths:1 | HP: 14/258 [fire giant/bolt of fire[a boggart] (15)]
 33474 | Depths:1 | HP: 9/258 [tengu warrior/dire flail[a boggart] (16)]
 33475 | Depths:1 | Slain by a fire giant

Vault maps used:
D:1:      lemuel_arrival_behind_the_door_large,
          hangedman_abyss_or_decor_lesser_grid
D:2:      lightli_temple_of_fire, first_bread
D:3:      tgw_xom
D:4:      kennysheep_little_box
D:5:      serial_shops, nicolae_shop_temple_entry_statues_fountains, uniq_pikel
D:6:      minitemple, serial_shops, nicolae_shop_crystal,
          hangedman_decor_lopped, uniq_duvessa, uniq_grinder
D:7:      minmay_temple_entry_trees
D:8:      lemuel_doored_altar, lemuel_coloured_pillars_altar, serial_ice,
          serial_ice_k, serial_ice_h, serial_ice_d, serial_ice_a, serial_ice_e,
          serial_ice_m, serial_ice_o, serial_ice_b, solitary_fountain,
          uniq_maurice, uniq_psyche
D:9:      grunt_temple_overflow_open, lair_0_dummy, erik_orc_1,
          serial_gnoll_camp, gnoll_camp_mini_basic, gnoll_camp_mini_doghouse,
          gnoll_camp_mini_doghouse, gnoll_camp_mini_hut, gnoll_camp_mini_house,
          gnoll_camp_mini_shop
D:10:     grunt_tengu_nest, minivault_8, uniq_josephine
D:11:     cheibrodos_lost_city_excavation, serial_shops,
          nicolae_shop_behind_doors, minmay_orc_keep
D:12:     st_stairs_3
D:13:     david_vaults_5
D:14:     minmay_unpleasant_kobolds
D:15:     gammafunk_depths_entry_grave
Lair:1:   uniq_fannar
Lair:2:   minmay_shoals_entry_lonely_mermaid, nicolae_spider_entry_orb_guardian,
          lemuel_fruit_tree
Lair:3:   basic_altar, bh_autumn_forest_stairs, uniq_maud
Lair:4:   special_room, nicolae_volcano_entry_s_turn, st_stairs_3,
          grunt_megastairs_2
Lair:6:   evil_forest, minmay_slime_entry_oklob_enclosed
Orc:1:    nicolae_orc_stony_grotto, library_closet, trog_butcher_becter
Orc:2:    grunt_orc_cross, mines2_lemuel
Depths:1: kennysheep_crisscross, grunt_pan_entry_spiral, hell_entry,
          nemelex_diamond_rough_becter
Volcano:  volcano_overflow

Skill      XL: |  1  2  3  4  5  6  7  8  9 10 11 12 13 14 15 16 |
---------------+-------------------------------------------------+-----
Stealth        | 1 2 |  2.0
Maces & Flails | 1 2 4 6 9 12 14 15 16 18 | 18.4
Fighting       | 2 3 4 5 6 8 10 12 13 14 | 14.0
Throwing       | 1 4 6 7 8 9 11 12 | 12.6
Invocations    | 7 8 10 11 13 | 13.0
Dodging        | 6 7 8 |  8.6
Spellcasting   | 2 |  2.6
Charms         | 1 |  1.8
Ice Magic      | 1 |  1.6
Evocations     | 6 7 |  7.1
Short Blades   | |  0.5

Action                   |  1- 3 |  4- 6 |  7- 9 | 10-12 | 13-15 | 16-18 || total
-------------------------+-------+-------+-------+-------+-------+-------++-------
Melee: Short sword       |    15 |       |       |       |       |       ||    15
       Dagger            |   101 |   115 |     7 |       |       |       ||   223
       Whip              |       |    11 |       |       |       |       ||    11
       Headbutt          |       |     9 |    50 |    33 |       |       ||    92
       Morningstar       |       |    29 |    79 |       |       |       ||   108
       Quarterstaff      |       |     6 |       |       |       |       ||     6
       Flail             |       |     2 |       |       |       |       ||     2
       Giant club        |       |       |   123 |   778 |    35 |       ||   936
       Giant spiked club |       |       |       |   116 |  1260 |    84 ||  1460
 Fire: Hunting sling     |       |       |       |     5 |       |       ||     5
Throw: Stone             |       |    15 |     8 |       |       |       ||    23
       Tomahawk          |       |       |     4 |    14 |    31 |    12 ||    61
       Large rock        |       |       |       |       |     6 |     3 ||     9
Invok: Lesser Servant of |       |       |       |    12 |    20 |     2 ||    34
       Major Destruction |       |       |       |       |     6 |     4 ||    10
       Greater Servant o |       |       |       |       |     3 |       ||     3
Evoke: Wand              |     7 |    13 |    12 |       |       |       ||    32
  Use: Scroll            |       |     8 |     6 |    18 |    18 |     1 ||    51
       Potion            |       |     2 |     2 |       |    10 |     1 ||    15
 Stab: Sleeping          |     3 |     1 |       |    11 |    19 |       ||    34
       Distracted        |       |       |       |     4 |     9 |       ||    13
       Confused          |       |       |       |     1 |       |       ||     1
       Invisible         |       |       |       |       |     4 |       ||     4
  Eat: Chunk             |     2 |    11 |     8 |    28 |    46 |       ||    95
       Pizza             |       |       |     1 |       |     1 |       ||     2
       Fruit             |       |       |     2 |       |       |     4 ||     6
       Beef jerky        |       |       |       |       |     6 |       ||     6
Armor: Robe              |    27 |    35 |    45 |   171 |   281 |    13 ||   572
       Skin              |       |       |     7 |       |       |       ||     7
Dodge: Dodged            |    63 |    86 |    79 |   455 |   948 |    74 ||  1705
